 Dungeon Crawl Stone Soup version 0.29.1-12-g30fa7ad0bf (webtiles) character file.

Game seed: 13557488738069272239

14174 4FPSwarrior the Fighter (level 11, -1/96 HPs)
             Began as a Demonspawn Hedge Wizard on Sept 22, 2022.
             Was an Elder of Fedhas.
             Slain by a komodo dragon (30 damage)
             ... on level 2 of the Lair of Beasts on Dec 29, 2022.
             The game lasted 01:03:59 (21634 turns).

4FPSwarrior the Fighter (Demonspawn Hedge Wizard)  Turns: 21634, Time: 01:04:00

Health: -1/96      AC:  8    Str: 24    XL:     11   Next: 85%
Magic:  3/16       EV: 12    Int: 17    God:    Fedhas [****..]
Gold:   528        SH:  5    Dex: 17    Spells: 5/17 levels left

rFire   . . .      SeeInvis .   a - +0 dagger
rCold   + . .      Faith    .   (no shield)
rNeg    + . .      Spirit   .   l - +2 leather armour {rN+}
rPois   .          Reflect  +   c - +0 hat
rElec   .          Harm     .   p - +0 cloak
rCorr   .          Rampage  .   (gloves unavailable)
Will    +....                   o - +1 pair of boots
Stlth   ++........              b - amulet of reflection
HPRegen 0.26/turn               I - +6 ring of strength
MPRegen 0.15/turn               z - ring of Jamy {Str+6 Dex+3}

@: no status effects
A: spiny 2, demonic touch 3, hooves 1, cold resistance 1, strong-willed 1
a: Renounce Religion, Wall of Briars, Grow Ballistomycete, Overgrow


You were on level 2 of the Lair of Beasts.
You worshipped Fedhas.
Fedhas was greatly pleased with you.
You visited 3 branches of the dungeon, and saw 14 of its levels.

You collected 708 gold pieces.
You spent 180 gold pieces at shops.

Inventory:

Hand Weapons
 a - a +0 dagger (weapon)
Missiles
 D - 2 throwing nets
Armour
 c - a +0 hat (worn)
 l - a +2 leather armour of positive energy (worn)
 o - a +1 pair of boots (worn)
 p - a +0 cloak (worn)
 K - a +2 robe of cold resistance
Jewellery
 b - an amulet of reflection (around neck)
 f - a ring of wizardry
 i - a ring of protection from fire
 u - a ring of positive energy
 y - a ring of flight
 z - the ring of Jamy (right hand) {Str+6 Dex+3}
   (You found it on level 4 of the Dungeon)

   [ring of strength]

   Str:       It affects your strength (+6).
   Dex:       It affects your dexterity (+3).
 I - a +6 ring of strength (left hand)
Wands
 r - a wand of flame (20)
 v - a wand of roots (2)
 w - a wand of polymorph (10)
 F - a wand of charming (14)
 G - a wand of digging (6)
Scrolls
 g - a scroll of fear
 n - a scroll of torment
 s - 3 scrolls of amnesia
 t - 6 scrolls of immolation
 A - 4 scrolls of teleportation
 B - 3 scrolls of magic mapping
 C - 2 scrolls of enchant weapon
 E - 2 scrolls of fog
 J - a scroll of blinking
Potions
 d - 6 potions of magic
 e - 2 potions of brilliance
 h - a potion of attraction {unknown}
 j - 2 potions of mutation
 k - a potion of berserk rage
 m - a potion of curing
 q - 2 potions of cancellation
 x - 3 potions of lignification
 H - a potion of ambrosia {unknown}
 L - 3 potions of haste {unknown}
 M - a potion of heal wounds


   Skills:
 * Level 12.6 Fighting
 - Level 1.8 Dodging
 + Level 3.9 Stealth
 - Level 3.5 Spellcasting
 + Level 10.0 Conjurations
 - Level 3.0 Summonings
 + Level 6.4 Necromancy
 - Level 4.0 Translocations
 + Level 2.5 Earth Magic
 - Level 6.7 Invocations


You had 5 spell levels left.
You knew the following spells:

 Your Spells              Type           Power      Damage    Failure   Level
a - Magic Dart            Conj           100%       1d8       1%          1
b - Call Imp              Summ           13%        N/A       9%          2
c - Blink                 Tloc           32%        N/A       5%          2
d - Dispel Undead         Necr           24%        3d12      14%         4
e - Stone Arrow           Conj/Erth      48%        3d10      4%          3

Your spell library contained the following spells:

 Spells                   Type           Power      Damage    Failure   Level
 Searing Ray              Conj           72%        2d7       1%          2
 Sublimation of Blood     Necr           24%        N/A       1%          2
 Foxfire                  Conj/Fire      76%        2x1d7     2%          1
 Static Discharge         Conj/Air       19%        3-6/arc   3%          2
 Sandblast                Erth           22%        2d7       7%          1
 Conjure Flame            Conj/Fire      19%        6-21      8%          3
 Mephitic Cloud           Conj/Pois/Air  14%        N/A       14%         3
 Passwall                 Tmut/Erth      5%         N/A       17%         2
 Slow                     Hex            8%         N/A       19%         1
 Flame Wave               Conj/Fire      19%        2d7       24%         4
 Fulminant Prism          Conj/Hex       9%         3d7       24%         4
 Sticky Flame             Conj/Fire      19%        2d4       24%         4
 Frozen Ramparts          Ice            4%         1d1       50%         3
 Inner Flame              Hex/Fire       2%         N/A       50%         3
 Irradiate                Conj/Tmut      9%         3d14      56%         5
 Summon Ice Beast         Ice/Summ       8%         N/A       71%         4
 Petrify                  Tmut/Erth      7%         N/A       75%         4
 Freezing Cloud           Conj/Ice/Air   7%         6-21      80%         5
 Cause Fear               Hex            1%         N/A       88%         4
 Ice Form                 Ice/Tmut       2%         N/A       88%         4
 Simulacrum               Ice/Necr       6%         N/A       100%        6
 Discord                  Hex            1%         N/A       100%        8
 Polar Vortex             Ice            1%         N/A       100%        9


Dungeon Overview and Level Annotations

Branches:
Dungeon (11/15)            Temple (1/1) D:4            Lair (2/5) D:9
  Snake (0/4) Lair:2
  Swamp: Lair:2-3    Shoals: Lair:2-3       Orc: D:9-12

Altars:
Ashenzari
Cheibriados
Dithmenos
Fedhas
Gozag
Hepliaklqana
Kikubaaqudgha
Makhleb
Nemelex Xobeh
Okawaru
Qazlal
Ru
Sif Muna
Trog
Uskayaw
Vehumet
Wu Jian
Xom
Yredelemnul

Shops:
D:3 ?

Annotations:
D:5 exclusion: orc priest
D:9 exclusion: 3 doors
D:10 Fannar


Innate Abilities, Weirdness & Mutations

You are mostly covered in sharp spines.
Your touch may irresistibly damage your foes and sap their willpower.
You have large cloven feet.
Your flesh is cold resistant. (rC+)
You are strong-willed. (Will+)


Message History

Press: ? - help, Shift-Dir - straight line, f/p - komodo dragon
Aim: a komodo dragon (moderately wounded, 79% to hit)
The stone arrow misses the komodo dragon.
The komodo dragon bites you!
There is a stone staircase leading down here.
You see here a komodo dragon skeleton.
The komodo dragon attacks as you move away!
The komodo dragon bites you!!
You see here a basilisk corpse.
The komodo dragon attacks as you move away!
The komodo dragon is struck by your spines.
The komodo dragon bites you!!
Casting: Stone Arrow (mildly dangerous; 4% risk of failure)
Confirm with . or Enter, or press ? or * to list all spells.
Aiming: Stone Arrow (mildly dangerous; 4% risk of failure)
Press: ? - help, Shift-Dir - straight line, f/p - komodo dragon
Aim: a komodo dragon (heavily wounded, 79% to hit)
The stone arrow hits the komodo dragon.
The komodo dragon is severely wounded.
The komodo dragon barely misses you.
Unknown command.
Unknown command.
The komodo dragon attacks as you move away!
The komodo dragon is struck by your spines.
The komodo dragon bites you but does no damage.
You walk carefully through the plants.
You block the komodo dragon's attack.
You hit the komodo dragon but do no damage.
The komodo dragon is almost dead.
The komodo dragon bites you!!
* * * LOW HITPOINT WARNING * * *
The komodo dragon attacks as you move away!
The komodo dragon is struck by your spines.
The komodo dragon barely misses you.
The komodo dragon attacks as you move away!
The komodo dragon barely misses you.
The komodo dragon attacks as you move away!
The komodo dragon is struck by your spines.
The komodo dragon bites you!!
You die...
Fedhas appreciates your contribution to the ecosystem.

##.# #.#........... ...#
##+#......#P....# ...#
#....(..#....... ...#
#.P.........#### ...#
#.⌠...<........##
...#####.P..P...#......#
..............[.###...##
..##...P......P.###.####
..##........####@l.....###
...#........# #.........#
..###.####P## ##>...#...#
#..##.# ### ##.#.....###
#####.####### ###.......#
#.....##.# ##......#
#.......## ##......#
####.......###
####.#...###
#..........÷.####.#.....##


You could see a komodo dragon.

Vanquished Creatures
  A hydra (Lair:1)
  2 two-headed ogres
  A black mamba (D:9)
  2 cane toads (Lair:1)
  3 komodo dragons
  A troll (D:9)
  A wraith (D:10)
  2 wyverns
  18 yaks
  4 steam dragons
  4 basilisks
  An acid dragon (D:9)
  Duvessa (D:5)
  9 water moccasins
  An orc warrior (D:9)
  3 ice beasts
  6 black bears
  4 sky beasts
  5 wolves (Lair:1)
  4 centaurs
  2 kobold brigands (D:10)
  5 bullfrogs
  3 necrophages
  3 scorpions
  Dowan (D:5)
  6 wights
  15 killer bees
  2 howler monkeys (D:8)
  2 jellies
  A hound (D:7)
  8 orc priests
  2 gnoll boudas
  An iguana (D:6)
  7 orc wizards
  6 gnolls
  3 adders
  2 white imps
  3 ufetubi
  A worm (D:2)
  2 dart slugs
  29 orcs
  2 ball pythons
  5 endoplasms
  4 giant cockroaches
  5 goblins
  3 hobgoblins (D:1)
  11 jackals
  13 kobolds
  2 quokkas
  7 bats
  6 frilled lizards
  5 rats
240 creatures vanquished.

Vanquished Creatures (collateral kills)
  A yak (D:6)
  Menkaure (D:7)
  4 wolves (Lair:1)
  An iguana (D:6)
  A gnoll (D:7)
  An adder (D:3)
  A dart slug (D:4)
  3 orcs
  An endoplasm (D:4)
  A hobgoblin (D:4)
15 creatures vanquished.

Vanquished Creatures (others)
  An orc wizard (D:8)
  An endoplasm (D:4)
  74 fungi
  73 plants
149 creatures vanquished.

Grand Total: 404 creatures vanquished

Notes
Turn   | Place    | Note
-------+----------+-------------------------------------------
     0 | D:1      | 4FPSwarrior the Demonspawn Hedge Wizard began the quest for
                  | the Orb.
     0 | D:1      | Reached XP level 1. HP: 13/13 MP: 4/4
    87 | D:1      | Reached skill level 1 in Translocations
   291 | D:1      | Gained mutation: You are partially covered in sharp spines.
                  | [demonic ancestry]
   291 | D:1      | Reached XP level 2. HP: 17/20 MP: 0/6
   890 | D:1      | Reached skill level 1 in Fighting
  1139 | D:1      | Reached XP level 3. HP: 26/26 MP: 4/7
  1553 | D:1      | Upgraded the game from 0.29.1-1-gd02db6906a to
                  | 0.29.1-12-g30fa7ad0bf
  2058 | D:3      | Learned a level 2 spell: Call Imp
  2061 | D:3      | Learned a level 2 spell: Blink
  2333 | D:3      | Gained mutation: Your touch may inflict minor irresistible
                  | damage on your foes. [demonic ancestry]
  2333 | D:3      | Reached XP level 4. HP: 33/33 MP: 3/9
  2695 | D:3      | Noticed a water moccasin
  2814 | D:3      | You fall into a shaft and drop 3 floors!
  2836 | D:6      | Noticed a steam dragon
  2870 | D:6      | Noticed a yak
  2870 | D:6      | Noticed a yak
  2886 | D:5      | Entered Level 5 of the Dungeon
  2886 | D:5      | Noticed Duvessa
  2886 | D:5      | Noticed Dowan
  2908 | D:6      | Noticed a black bear
  2951 | D:6      | Found a hazy altar of Hepliaklqana.
  2956 | D:6      | Noticed a steam dragon
  2986 | D:6      | Noticed a yak
  3032 | D:5      | Noticed a phantom
  3085 | D:6      | Reached skill level 2 in Fighting
  3197 | D:6      | Noticed an ice beast
  3240 | D:5      | Noticed an ice beast
  3290 | D:4      | Identified the ring of Jamy {Str+6 Dex+3}
  3334 | D:4      | Noticed a scorpion
  3354 | D:4      | Gained mutation: You are strong-willed. (Will+) [potion of
                  | mutation]
  3354 | D:4      | Gained mutation: Your flesh is cold resistant. (rC+)
                  | [potion of mutation]
  3354 | D:4      | Gained mutation: You have large cloven feet. [potion of
                  | mutation]
  3358 | D:4      | Killed a scorpion
  3359 | D:4      | Gained mutation: Your touch may inflict irresistible damage
                  | on your foes. [demonic ancestry]
  3359 | D:4      | Reached XP level 5. HP: 37/39 MP: 0/10
  3666 | D:3      | Found Xanaetz's Magic Scroll Shop.
  3677 | D:3      | Bought a scroll of magic mapping for 75 gold pieces
  3677 | D:3      | Bought a scroll of enchant weapon for 75 gold pieces
  3677 | D:3      | Bought a scroll of teleportation for 30 gold pieces
  4018 | D:3      | Killed a water moccasin
  4019 | D:3      | Reached XP level 6. HP: 36/46 MP: 6/11
  4490 | D:4      | Found a shimmering altar of Xom.
  4569 | D:4      | Noticed a sky beast
  4703 | D:5      | Killed an ice beast
  4704 | D:5      | Reached skill level 3 in Fighting
  4973 | D:4      | Killed a sky beast
  5074 | D:4      | Found a staircase to the Ecumenical Temple.
  5082 | Temple   | Entered the Ecumenical Temple
  5263 | Temple   | Became a worshipper of Fedhas Madash
  5534 | D:4      | Reached XP level 7. HP: 52/52 MP: 4/12
  5758 | D:5      | Noticed a hornet
  6241 | D:6      | Reached skill level 4 in Fighting
  6241 | D:6      | Reached skill level 5 in Conjurations
  6487 | D:5      | Reached skill level 5 in Fighting
  6487 | D:5      | Reached XP level 8. HP: 48/62 MP: 2/13
  6592 | D:5      | Found a stormy altar of Qazlal.
  6771 | D:5      | Found a bloodstained altar of Trog.
  6837 | D:5      | Killed Duvessa
  6846 | D:5      | Killed Dowan
  6846 | D:5      | Reached * piety under Fedhas
  7052 | D:5      | Found an ornate altar of the Wu Jian Council.
  7241 | D:6      | Reached skill level 6 in Fighting
  7690 | D:6      | Reached skill level 7 in Fighting
  8008 | D:6      | Gained mutation: Your touch may irresistibly damage your
                  | foes and sap their willpower. [demonic ancestry]
  8008 | D:6      | Reached XP level 9. HP: 37/72 MP: 5/14
  8169 | D:6      | Found a hazy altar of Hepliaklqana.
  9005 | D:7      | Reached skill level 8 in Fighting
  9080 | D:7      | Noticed Menkaure
  9091 | D:7      | Killed Menkaure
  9959 | D:7      | Reached skill level 9 in Fighting
 10457 | D:8      | Learned a level 4 spell: Dispel Undead
 10522 | D:8      | Reached skill level 1 in Invocations
 10816 | D:8      | Reached ** piety under Fedhas
 10817 | D:8      | Reached skill level 1 in Necromancy
 11701 | D:7      | Gained mutation: You are mostly covered in sharp spines.
                  | [demonic ancestry]
 11701 | D:7      | Reached XP level 10. HP: 74/85 MP: 12/15
 11889 | D:8      | Reached skill level 10 in Fighting
 12866 | D:9      | Noticed a two-headed ogre
 13463 | D:9      | Noticed a two-headed ogre
 13642 | D:9      | Learned a level 3 spell: Stone Arrow
 13983 | D:9      | Found a staircase to the Lair.
 14182 | D:9      | Reached skill level 5 in Invocations
 14378 | D:8      | Killed a two-headed ogre
 14379 | D:8      | Reached skill level 11 in Fighting
 14630 | D:9      | Reached *** piety under Fedhas
 16041 | D:9      | Reached XP level 11. HP: 68/93 MP: 1/16
 16780 | D:9      | Reached skill level 5 in Necromancy
 16976 | D:9      | Killed a two-headed ogre
 17257 | D:10     | Entered Level 10 of the Dungeon
 17502 | D:10     | Noticed Fannar
 18943 | D:11     | Noticed a cyan ugly thing
 19031 | Lair:1   | Entered Level 1 of the Lair of Beasts
 19136 | Lair:1   | Reached **** piety under Fedhas
 19457 | Lair:1   | Reached skill level 12 in Fighting
 19560 | Lair:1   | Reached skill level 1 in Earth Magic
 20258 | Lair:1   | Noticed a four-headed hydra
 20351 | Lair:1   | Killed a four-headed hydra
 21241 | Lair:2   | Found a staircase to the Snake Pit.
 21578 | Lair:2   | Reached skill level 10 in Conjurations
 21634 | Lair:2   | Slain by a komodo dragon

Illustrated notes

Levels and vault maps discovered:
D:1:      tarquinn_simple_flora_water_a, layout_basic
D:2:      layout_rooms, chequers_serial_rivers_micro_e
D:3:      layout_loops_ring, serial_shops, nicolae_lakefront_shop
D:4:      cheibrodos_helix_gallery, layout_basic, kennysheep_mini,
          elyvilon_altar_4, minmay_temple_entry_glassed_door
D:5:      layout_rooms, mainiacjoe_overflow_small_starburst,
          mainiacjoe_overflow_large_starburst, nzn_wu_jian_council_hall,
          uniq_duvessa
D:6:      layout_basic, old_standard_altar
D:7:      layout_cave_pods, uniq_menkaure
D:8:      layout_basic, st_stairs_3
D:9:      layout_stronghold, due_lair_maze_entry_diamond, kennysheep_donut,
          patterned_corridor
D:10:     layout_stronghold, minmay_misc_feat_encased, uniq_fannar
D:11:     layout_stronghold, david_orc_2, ebering_ghost_disaster_area,
          kennysheep_generic_room_10
Temple:   bh_familiar_temple
Lair:1:   layout_concentric_octagons, serial_bayou_shore_a
Lair:2:   layout_misc_corridors, dummy_snake_entry, eino_house_with_fridge

Skill      XL: |  1  2  3  4  5  6  7  8  9 10 11 |
---------------+----------------------------------+-----
Translocations | 1 2 3 4 |  4.0
Fighting       | 1 2 3 5 7 9 11 12 | 12.6
Conjurations   | 2 3 4 5 6 8 9 10 | 10.0
Summonings     | 2 3 |  3.0
Invocations    | 2 5 6 |  6.7
Necromancy     | 2 4 6 |  6.4
Stealth        | 3 |  3.9
Earth Magic    | 2 |  2.5
Dodging        | |  1.8
Spellcasting   | |  3.5

Action                   |  1- 3 |  4- 6 |  7- 9 | 10-12 || total
-------------------------+-------+-------+-------+-------++-------
Melee: Dagger            |     8 |    10 |   166 |   125 ||   309
       Punch             |     1 |       |     5 |     2 ||     8
       Touch             |       |     3 |    31 |    30 ||    64
 Cast: Magic Dart        |   102 |    94 |   236 |   171 ||   603
       Call Imp          |     1 |     6 |    18 |     3 ||    28
       Blink             |       |     1 |     2 |     5 ||     8
       Stone Arrow       |       |       |       |   129 ||   129
Invok: Wall of Briars    |       |       |       |     1 ||     1
Evoke: Wand              |       |    13 |     4 |     4 ||    21
  Use: Scroll            |       |     7 |     4 |     5 ||    16
       Potion            |       |     4 |     1 |       ||     5
 Stab: Distracted        |       |       |     1 |       ||     1
Armor: Robe              |     4 |    10 |       |       ||    14
       Leather armour    |       |     6 |    64 |    49 ||   119
       Skin              |       |       |    49 |       ||    49
Dodge: Dodged            |    29 |    40 |   123 |   142 ||   334
Block: Other             |       |       |       |    25 ||    25
       Reflection        |       |       |       |     1 ||     1
